Map: Ultralove

Players

GilGaWech - Winner!

  • Race: Protoss Protoss
  • League: Master
  • Spawn Location: 1:00

ManlyManMeat

  • Race: Zerg Zerg
  • League: Diamond
  • Spawn Location: 7:00

VOD

Have the link to the VOD?

Description

Time

  • Played on: July 5, 2025, 10:46 a.m.
  • Length: 6:06
Show
View Real Time Build Order
Export as new Build Order

GilGaWech Protoss - Winner!

Build Orders: 1 Gate Expand 

Get SALT Encoding   

  12  0:00  Probe  
  13  0:12  Probe  
  14  0:19  Pylon  
  14  0:26  Probe  
  15  0:38  Probe  
  15  0:41  Gateway  
  16  0:48  Probe  
  16  0:52  Assimilator  
  16  0:56  Probe  
  18  1:04  Probe  
  19  1:16  Probe  
  19  1:30  Nexus  
  19  1:37  Probe  
  20  1:44  Cybernetics Core  
  20  1:49  Probe  
  21  1:56  Assimilator  
  21  2:01  Probe  
  22  2:02  Pylon  
  22  2:09  Stalker  
  22  2:13  Probe  
  21  2:22  Warp Gate  
  25  2:25  Probe  
  26  2:37  Probe  
  27  2:49  Probe  
  28  2:53  Twilight Council  
  28  2:56  Probe  
  29  3:01  Probe, Robotics Facility  
  30  3:08  Probe  
  30  3:10  Resonating Glaives  
  31  3:13  Gateway  
  31  3:20  Probe  
  31  3:23  Probe  
  33  3:40  Gateway  
  33  3:42  Gateway  
  33  3:43  Probe  
  33  3:44  Probe  
  35  3:52  Warp Prism  
  37  3:55  Probe  
  37  3:59  Pylon  
  38  4:04  Probe  
  39  4:11  Adept x2  
  39  4:15  Probe  
  44  4:18  Pylon  
  44  4:23  Dark Shrine  
  44  4:25  Probe  
  45  4:34  Adept x3  
  45  4:37  Adept  
  53  4:50  Probe  
  53  4:51  Probe  
  55  5:00  Adept  
  55  5:01  Adept x2  
  55  5:07  Pylon  
  61  5:08  Pylon  
  57  5:38  Dark Templar x2  
  57  5:40  Adept x2  
  51  5:52  Probe x2  
  53  5:59  Assimilator  
  53  6:00  Assimilator  
  56  6:05  Stalker  
Show
View Real Time Build Order
Export as new Build Order

ManlyManMeat Zerg 

Build Orders: Hatch First 

Get SALT Encoding   

  12  0:00  Drone  
  13  0:08  Drone  
  14  0:15  Drone, Extractor  
  15  0:22  Overlord  
  15  0:41  Drone  
  17  0:50  Drone  
  17  0:57  Hatchery  
  17  1:02  Drone x2  
  18  1:16  Extractor  
  18  1:17  Spawning Pool  
  16  1:23  Drone  
  16  1:24  Drone  
  18  1:34  Drone  
  19  1:40  Drone  
  20  2:03  Queen  
  22  2:09  Zergling x2  
  22  2:10  Zergling x2  
  22  2:11  Queen  
  22  2:12  Overlord  
  27  2:15  Drone  
  27  2:19  Metabolic Boost  
  27  2:42  Hatchery  
  26  2:53  Queen  
  26  2:55  Drone x2  
  26  2:57  Overlord  
  30  3:15  Overlord x2  
  29  3:28  Drone  
  29  3:29  Drone x2  
  29  3:31  Drone x3  
  35  3:42  Drone x3  
  38  3:56  Baneling Nest  
  38  3:58  Evolution Chamber, Extractor  
  38  4:01  Queen  
  37  4:02  Queen  
  37  4:04  Drone x3  
  37  4:06  Drone  
  43  4:20  Drone x2  
  43  4:21  Drone  
  43  4:23  Drone x5  
  51  4:31  Zergling x2  
  51  4:32  Zergling x6  
  55  4:51  Overlord x2  
  55  4:52  Zergling x4  
  57  5:03  Baneling x2  
  57  5:04  Baneling x3  
  57  5:05  Baneling x2  
  57  5:06  Overlord  
  57  5:07  Overlord  
  57  5:11  Baneling x2  
  49  5:29  Zergling x2  
  49  5:30  Zergling x16  
  41  5:37  Zergling x2  
  41  5:38  Zergling x4, Drone x6  
  49  5:45  Drone  
  49  5:46  Drone x2  
Tags
 
Add a new tag
Caveats
  • Supply blocks, unpowered buildings, or Contaminate may cause inaccurate times.
  • Supply counts are checked every 10 seconds.